 Dungeon Crawl Stone Soup version 0.30.0-10-gfe55d96785 (webtiles) character file.

Game seed: 10342992766296882918

16837 quinnr the Zephyrmancer (level 12, -11/66 HPs)
             Began as a Tengu Venom Mage on May 13, 2023.
             Was a Priest of Sif Muna.
             Mangled by Rupert
             ... wielding a +3 great mace of holy wrath
              (43 damage)
             ... on level 12 of the Dungeon.
             The game lasted 00:56:37 (17877 turns).

quinnr the Zephyrmancer (Tengu Venom Mage)         Turns: 17877, Time: 00:56:38

Health: -11/66     AC:  4    Str:  8    XL:     12   Next: 41%
Magic:  1/21       EV: 19    Int: 21    God:    Sif Muna [***...]
Gold:   749        SH:  6    Dex: 21    Spells: 7/22 levels left

rFire   . . .        R - +8 whip of Fatigue {freeze, rC+ rCorr}
rCold   + + +        r - +0 buckler
rNeg    . . .        W - +1 robe {rC+}
rPois   +            H - +0 hat
rElec   .            (no cloak)
rCorr   +            Y - +0 pair of gloves
SInv    .            (boots unavailable)
Will    .....        j - amulet of regeneration
Stlth   +++          P - ring of poison resistance
HPRegen 1.11/turn    G - ring of the Lizard {rC+ Dex+6}
MPRegen 0.17/turn

%: no passive effects
@: radiating poison, flying quickly and evasively, quick
A: beak, talons 3, nimble flight
a: Renounce Religion, Channel Magic, Forget Spell


You were on level 12 of the Dungeon.
You worshipped Sif Muna.
Sif Muna was most pleased with you.
You visited 2 branches of the dungeon, and saw 13 of its levels.
You also visited: Sewer.

You collected 769 gold pieces.
You donated 20 gold pieces to Zin.


Innate Abilities, Weirdness & Mutations

You have a beak for a mouth.
You have claws for feet.
Your magical nature lets you fly swiftly and evasively.


   Skills:
 - Level 4.0 Fighting
 - Level 7.0 Dodging
 - Level 4.0 Stealth
 - Level 4.0 Shields
 + Level 5.9 Spellcasting
 - Level 9.0 Conjurations
 - Level 0.7 Transmutations
 - Level 6.0 Ice Magic
 - Level 14.0 Air Magic
 - Level 7.5 Poison Magic
 - Level 5.0 Evocations


You had 7 spell levels left.
You knew the following spells:

 Your Spells              Type           Power      Damage    Failure   Level
f - Freezing Cloud        Conj/Ice/Air   23%        6-21      8%          5
m - Mephitic Cloud        Conj/Pois/Air  49%        N/A       1%          3
o - Olgreb's Toxic Radia  Pois           37%        N/A       7%          4
p - Poisonous Vapours     Pois/Air       100%       N/A       1%          2
z - Sting                 Tmut/Pois      92%        1d7       2%          1

Your spell library contained the following spells:

 Spells                   Type           Power      Damage    Failure   Level
 Magic Dart               Conj           100%       1d8       1%          1
 Kiss of Death            Conj/Necr      100%       2d13      2%          1
 Momentum Strike          Conj/Tloc      50%        3d9       3%          2
 Dazzling Flash           Conj/Hex       50%        N/A       7%          3
 Spider Form              Tmut/Pois      23%        N/A       9%          3
 Beastly Appendage        Tmut           18%        N/A       11%         1
 Wereblood                Tmut           9%         N/A       17%         2
 Blink                    Tloc           12%        N/A       22%         2
 Call Imp                 Summ           12%        N/A       22%         2
 Lesser Beckoning         Tloc           12%        N/A       22%         2
 Scorch                   Fire           12%        2d5       22%         2
 Sublimation of Blood     Necr           6%         N/A       22%         2
 Flame Wave               Conj/Fire      25%        2d8       24%         4
 Silence                  Hex/Air        17%        N/A       24%         5
 Call Canine Familiar     Summ           6%         N/A       41%         3
 Confusing Touch          Hex            6%         N/A       41%         3
 Gell's Gravitas          Tloc           6%         N/A       41%         3
 Portal Projectile        Hex/Tloc       12%        N/A       41%         3
 Teleport Other           Tloc           6%         N/A       41%         3
 Summon Ice Beast         Ice/Summ       18%        N/A       41%         4
 Irradiate                Conj/Tmut      13%        3d16      50%         5
 Petrify                  Tmut/Erth      7%         N/A       77%         4
 Dispel Undead            Necr           6%         3d8       83%         4
 Leda's Liquefaction      Hex/Erth       3%         N/A       83%         4
 Agony                    Necr           6%         N/A       99%         5
 Summon Mana Viper        Hex/Summ       6%         N/A       99%         5
 Summon Cactus Giant      Summ           3%         N/A       100%        6
 Monstrous Menagerie      Summ           3%         N/A       100%        7
 Chain Lightning          Conj/Air       26%        3d35      100%        9
 Fire Storm               Conj/Fire      12%        8d3       100%        9
 Shatter                  Erth           3%         3d7*      100%        9

Inventory:

Hand Weapons
 l - a +0 dagger
 R - the +8 whip of Fatigue (weapon) {freeze, rC+ rCorr}
   (You found it on level 10 of the Dungeon)

   rC:        It protects you from cold.
   rCorr:     It protects you from acid and corrosion.
Missiles
 E - 5 throwing nets {=f}
Armour
 a - a +0 robe
 c - a +0 robe of willpower
 o - a +0 troll leather armour {Pargi}
 r - a +0 buckler (worn)
 s - a +0 cloak
 H - a +0 hat (worn)
 W - a +1 robe of cold resistance (worn)
 Y - a +0 pair of gloves (worn)
Magical Staves
 J - a staff of death {!a}
 Q - a staff of earth {!a}
Jewellery
 f - a ring of fire
 j - an amulet of regeneration (around neck)
 n - a ring of positive energy
 C - a ring of ice
 F - a ring of fire
 G - the ring of the Lizard (right hand) {rC+ Dex+6}
   (You found it on level 8 of the Dungeon)

   [ring of dexterity]

   Dex:       It affects your dexterity (+6).
   rC:        It protects you from cold.
 N - a ring of positive energy
 P - a ring of poison resistance (left hand)
 S - a +6 ring of strength
Wands
 i - a wand of paralysis (27)
 t - a wand of flame (30)
 x - a wand of quicksilver (13)
 D - a wand of polymorph (12)
Scrolls
 b - 2 scrolls of teleportation {unknown}
 u - 3 scrolls of blinking
 v - 2 scrolls of brand weapon
 y - a scroll of enchant armour
 K - a scroll of noise {unknown}
 M - a scroll of magic mapping {unknown}
 O - 3 scrolls of fog
 T - 2 scrolls of enchant weapon
 U - a scroll of poison {unknown}
 X - 2 scrolls of fear
 Z - 3 scrolls of identify {@r1}
Potions
 d - a potion of resistance
 e - 4 potions of might {unknown}
 g - 8 potions of curing {@q1}
 h - 2 potions of brilliance {unknown}
 k - 4 potions of degeneration
 m - a potion of attraction {unknown}
 p - 4 potions of flight {unknown}
 q - 2 potions of cancellation {unknown}
 w - 3 potions of invisibility
 z - 3 potions of heal wounds {@q2}
 A - 3 potions of haste {@q3}
 B - a potion of ambrosia
 I - a potion of berserk rage {unknown}
 L - a potion of experience {unknown}
 V - a potion of lignification {unknown}

Dungeon Overview and Level Annotations

Branches:
Dungeon (12/15)            Temple (1/1) D:5            Lair (0/5) D:9
    Orc (0/2) D:12          Sewer (visited)

Altars:
Ashenzari
Cheibriados
Dithmenos
Elyvilon
Fedhas
Gozag
Hepliaklqana
Kikubaaqudgha
Makhleb
Nemelex Xobeh
Okawaru
Qazlal
Ru
Sif Muna
Trog
Uskayaw
Vehumet
Wu Jian
Xom
Yredelemnul
Zin
The Shining One

Shops:
D:1 *   D:8 !(

Portals:
Trove: D:10 (give 5 scrolls of blinking)

Annotations:
D:8 2 transporters, NateTC's ghost, novice GrFi
D:12 exclusion: gargoyle, Rupert

#### ##############
##...
#.@@.........###....
#☼###.#.#.#.......##
#.##.###............
#.###.#.##.#.###.##.
#.####.###.#.# #.##.
#.#....# #.#.# #.##.
#.#.#### #...# #.##.
.#####.#.# ##..#
#.###
........>.#######..#
#.###


You could see Rupert (berserk, confused, extremely poisoned).


Message History

You begin to radiate toxic energy.
Rupert looks as sick as possible! x2
Rupert looks as sick as possible!
There is a stone staircase leading down here.
Your toxic aura wanes.
Rupert roars madly and goes into a rage!
Rupert goes berserk!
Rupert attacks as you move away! Rupert closely misses you.
Rupert hits you with a +3 great mace of holy wrath!!!
Ouch! That really hurt!
* * * LOW HITPOINT WARNING * * *
Casting: Olgreb's Toxic Radiance (dangerous; 7% risk of failure)
Confirm with . or Enter, or press ? or * to list all spells.
You begin to radiate toxic energy.
Rupert looks as sick as possible!
You block Rupert's attack.
Unknown command.
Unknown command.
Casting: Olgreb's Toxic Radiance (dangerous; 7% risk of failure)
Confirm with . or Enter, or press ? or * to list all spells.
Aiming: Mephitic Cloud (safe; 1% risk of failure)
Press: ? - help, Shift-Dir - straight line, f/p - Rupert
Aim: Rupert, wielding a +3 great mace of holy wrath and wearing a +0 leather armour (severely wounded, berserk, extremely poisoned, chance to affect: 24%)
The ball explodes into a vile cloud!
The stinking cloud engulfs Rupert but does no damage.
Rupert is severely wounded.
The stinking cloud engulfs you but does no damage.
Rupert is engulfed in noxious fumes.
Rupert barely misses you.
Rupert is engulfed in noxious fumes.
Rupert appears confused.
Rupert hits you with a +3 great mace of holy wrath!!!
Ouch! That really hurt!
You die...

Skill      XL: |  1  2  3  4  5  6  7  8  9 10 11 12 |
---------------+-------------------------------------+-----
Poison Magic   | 4 5 7 |  7.5
Conjurations   | 1 2 3 4 7 9 |  9.0
Air Magic      | 1 2 3 6 7 8 10 12 14 | 14.0
Fighting       | 1 2 3 4 |  4.0
Dodging        | 3 4 5 6 7 |  7.0
Spellcasting   | 3 4 5 |  5.9
Stealth        | 4 |  4.0
Evocations     | 3 5 |  5.0
Ice Magic      | 1 4 6 |  6.0
Shields        | 4 |  4.0
Transmutations | |  0.7

Action                     |  1- 3 |  4- 6 |  7- 9 | 10-12 || total
---------------------------+-------+-------+-------+-------++-------
  Melee: Unarmed           |     3 |       |       |       ||     3
         Kick              |     8 |    16 |    48 |    23 ||    95
         Dagger            |    11 |    55 |   120 |    13 ||   199
         Peck              |     1 |    15 |    22 |    14 ||    52
         Punch             |     1 |     2 |     4 |     1 ||     8
         Whip              |       |       |       |    42 ||    42
   Cast: Sting             |    43 |    45 |   136 |    33 ||   257
         Poisonous Vapours |    25 |    44 |    72 |    60 ||   201
         Mephitic Cloud    |     1 |     8 |    27 |    21 ||    57
         Olgreb's Toxic Ra |       |       |     7 |    45 ||    52
         Freezing Cloud    |       |       |     1 |    26 ||    27
  Evoke: Wand              |       |       |     4 |       ||     4
    Use: Scroll            |     1 |     3 |     8 |     3 ||    15
         Potion            |       |     1 |     2 |       ||     3
   Stab: Confused          |     1 |     1 |     9 |     3 ||    14
         Sleeping          |       |       |     3 |       ||     3
 Armour: Robe              |     5 |    12 |    23 |     4 ||    44
  Dodge: Dodged            |    29 |    99 |   191 |    79 ||   398
  Block: Buckler           |       |       |       |    16 ||    16

Levels and vault maps discovered:
D:1:      ldierk_walled_garden_2, layout_basic, serial_shops, shop,
          hellmonk_ecumenical_altar_crossroads, lexackson_kobold_supper
D:2:      layout_basic, st_stairs_4
D:3:      layout_loops_ring, eino_tiny_chamber, uniq_crazy_yiuf_cottage
D:4:      layout_rooms, mainiacjoe_overflow_alcove_4,
          chequers_serial_rivers_room_b, minmay_misc_feat_chi,
          uniq_blork_the_orc, uniq_ijyb, uniq_natasha
D:5:      layout_rooms, minmay_temple_entry_slanted, eino_curves_04
D:6:      layout_loops_ring, enter_ossuary_3, cheibrodos_sewer_entry_bend,
          uniq_sigmund, uniq_edmund
D:7:      layout_cave_pools, minmay_misc_feat_four_crosses
D:8:      layout_loops_ring, gammafunk_ghost_smash, serial_shops,
          nicolae_shop_industrial_runoff, kennysheep_mini_moat
D:9:      layout_layer_cave, lair_entry_dummy
D:10:     layout_long_grid, nicolae_trove_entry_diagonal,
          minmay_fire_ice_demons, uniq_fannar
D:11:     layout_basic, serial_shops, kennysheep_mini, serial_rivers,
          chequers_serial_rivers_micro_d, chequers_serial_rivers_micro_d,
          chequers_serial_rivers_marsh, chequers_serial_rivers_room_a,
          uniq_snorg
D:12:     layout_loops_ring, kennysheep_orc_monster_closet_entryway, eino_jars,
          uniq_rupert
Temple:   mainiacjoe_temple_circle_huts

Notes
Turn   | Place    | Note
-------+----------+-------------------------------------------
     0 | D:1      | quinnr the Tengu Venom Mage began the quest for the Orb.
     0 | D:1      | Reached XP level 1. HP: 10/10 MP: 4/4
   234 | D:1      | Reached XP level 2. HP: 15/15 MP: 4/6
   234 | D:1      | Upgraded the game from 0.30.0-5-g1a98f26d00 to
                  | 0.30.0-10-gfe55d96785
   311 | D:1      | Found Batak Keq's Assorted Antiques.
   388 | D:1      | Learned a level 2 spell: Poisonous Vapours
   608 | D:1      | Found a faded altar of an unknown god.
   796 | D:1      | Prayed at the altar of an unknown god.
   796 | D:1      | Became a worshipper of Zin the Law-Giver
   796 | D:1      | Reached * piety under Zin
  1194 | D:1      | Reached skill level 4 in Poison Magic
  1217 | D:1      | Reached XP level 3. HP: 19/19 MP: 0/7
  1549 | D:1      | Learned a level 3 spell: Mephitic Cloud
  2112 | D:2      | Reached skill level 1 in Conjurations
  2227 | D:2      | Reached XP level 4. HP: 24/24 MP: 0/8
  2317 | D:2      | Reached skill level 1 in Air Magic
  3415 | D:3      | Gained mutation: Your magical nature lets you fly swiftly
                  | and evasively. [Tengu growth]
  3415 | D:3      | Reached XP level 5. HP: 28/28 MP: 6/9
  3450 | D:3      | Noticed a phantom
  3595 | D:3      | Reached skill level 1 in Fighting
  3702 | D:3      | Reached ** piety under Zin
  4291 | D:3      | Found a runed translucent door.
  4292 | D:3      | Noticed Crazy Yiuf
  4308 | D:3      | Killed Crazy Yiuf
  4455 | D:4      | Noticed Ijyb
  4466 | D:4      | Killed Ijyb
  4559 | D:4      | Reached skill level 3 in Dodging
  4559 | D:4      | Reached skill level 3 in Spellcasting
  4559 | D:4      | Reached skill level 2 in Conjurations
  4559 | D:4      | Reached skill level 2 in Air Magic
  4559 | D:4      | Reached XP level 6. HP: 34/34 MP: 1/11
  4907 | D:4      | Found a broken altar of Ashenzari.
  4937 | D:4      | Noticed Blork the orc
  5143 | D:4      | Reached skill level 2 in Fighting
  5309 | D:3      | Reached skill level 3 in Conjurations
  5309 | D:3      | Reached skill level 3 in Air Magic
  5309 | D:3      | Reached XP level 7. HP: 21/40 MP: 10/13
  5444 | D:4      | Reached skill level 4 in Spellcasting
  5444 | D:4      | Reached skill level 5 in Poison Magic
  5629 | D:4      | Killed Blork the orc
  5807 | D:4      | Reached skill level 4 in Conjurations
  5807 | D:4      | Reached skill level 4 in Air Magic
  6073 | D:4      | Noticed Natasha
  6083 | D:4      | Killed Natasha
  6087 | D:4      | Noticed Natasha
  6096 | D:4      | Killed Natasha
  6110 | D:4      | Noticed Natasha
  6263 | D:4      | Killed Natasha
  6264 | D:4      | Reached skill level 5 in Air Magic
  6418 | D:5      | Entered Level 5 of the Dungeon
  6430 | D:5      | Reached *** piety under Zin
  6580 | D:5      | Found a staircase to the Ecumenical Temple.
  6666 | Temple   | Entered the Ecumenical Temple
  6934 | Temple   | Fell from the grace of Zin
  6934 | Temple   | Became a worshipper of Sif Muna the Loreminder
  6990 | Temple   | Reached skill level 6 in Air Magic
  7078 | D:5      | Reached XP level 8. HP: 44/44 MP: 5/15
  7083 | D:5      | Learned a level 4 spell: Olgreb's Toxic Radiance
  7198 | D:5      | You are sucked into a shaft and drop 1 floor!
  7319 | D:6      | Reached skill level 7 in Air Magic
  7320 | D:6      | Reached skill level 3 in Stealth
  7391 | D:6      | Reached skill level 4 in Dodging
  7494 | D:6      | Found a glowing drain.
  7507 | Sewer    | Entered a sewer
  7557 | Sewer    | Noticed Pargi
  7564 | Sewer    | Killed Pargi
  7565 | Sewer    | Reached skill level 4 in Stealth
  7565 | Sewer    | Reached skill level 6 in Poison Magic
  7587 | Sewer    | Identified a potion of resistance
  8085 | D:6      | Noticed Edmund
  8104 | D:6      | Killed Edmund
  8105 | D:6      | Reached skill level 7 in Poison Magic
  8316 | D:6      | Noticed Sigmund
  8317 | D:6      | Reached XP level 9. HP: 48/48 MP: 6/16
  8587 | D:6      | Killed Sigmund
  8588 | D:6      | Reached skill level 1 in Evocations
  8633 | D:6      | Reached * piety under Sif Muna
  9180 | D:6      | Reached skill level 2 in Evocations
  9196 | D:6      | Reached skill level 3 in Fighting
  9775 | D:8      | Learned a level 5 spell: Freezing Cloud
  9936 | D:5      | Reached skill level 5 in Dodging
 10334 | D:7      | Reached skill level 8 in Air Magic
 10552 | D:8      | Reached skill level 1 in Ice Magic
 10737 | D:8      | Reached skill level 3 in Evocations
 10792 | D:8      | Found a transporter.
 10792 | D:8      | Found a transporter.
 10792 | D:8      | Noticed NateTC's ghost (novice GrFi)
 10792 | D:8      | Identified the +2 dire flail of Generosity {freeze, rPois
                  | rC+}
 10905 | D:8      | Identified the ring of the Lizard {rC+ Dex+6}
 10936 | D:8      | Reached ** piety under Sif Muna
 11129 | D:8      | Found Wove's Distillery.
 11282 | D:8      | Found Jokigiac's Weapon Boutique.
 11414 | D:9      | Reached XP level 10. HP: 49/56 MP: 5/17
 11788 | D:9      | Reached skill level 4 in Fighting
 11788 | D:9      | Reached skill level 5 in Conjurations
 11795 | D:9      | Reached skill level 2 in Ice Magic
 12294 | D:9      | Noticed a boulder beetle
 12309 | D:9      | Killed a boulder beetle
 12310 | D:9      | Reached skill level 6 in Dodging
 12310 | D:9      | Reached skill level 9 in Air Magic
 12310 | D:9      | Reached skill level 4 in Evocations
 12409 | D:9      | Found a staircase to the Lair.
 12566 | D:9      | Reached skill level 6 in Conjurations
 12992 | D:10     | Entered Level 10 of the Dungeon
 12998 | D:10     | Reached skill level 3 in Ice Magic
 13326 | D:10     | Reached skill level 5 in Evocations
 13481 | D:10     | Noticed a two-headed ogre
 13498 | D:10     | Reached skill level 7 in Conjurations
 13520 | D:10     | Killed a two-headed ogre
 13521 | D:10     | Reached skill level 4 in Ice Magic
 13521 | D:10     | Reached skill level 10 in Air Magic
 13521 | D:10     | Reached XP level 11. HP: 21/61 MP: 2/18
 13819 | D:10     | Identified the +8 whip of Fatigue {freeze, rC+ rCorr}
 13985 | D:10     | Noticed Fannar
 14377 | D:10     | Killed Fannar
 14378 | D:10     | Reached skill level 8 in Conjurations
 14378 | D:10     | Reached skill level 5 in Ice Magic
 14414 | D:10     | Found a portal to a secret trove of treasure.
 14873 | D:11     | Reached skill level 9 in Conjurations
 14990 | D:11     | Noticed a two-headed ogre
 15014 | D:11     | Killed a two-headed ogre
 15015 | D:11     | Reached skill level 6 in Ice Magic
 15015 | D:11     | Reached skill level 1 in Shields
 15227 | D:11     | Identified the +5 ring mail of the Desolation of Salt
                  | {rN++}
 15240 | D:11     | Noticed a boulder beetle
 15266 | D:11     | Noticed Snorg
 15277 | D:11     | Killed Snorg
 15278 | D:11     | Reached skill level 2 in Shields
 15388 | D:11     | Found Tueki's Distillery.
 15647 | D:11     | Noticed an orc knight
 15705 | D:11     | Noticed an orc sorcerer
 15732 | D:11     | Killed an orc knight
 15734 | D:11     | Noticed an orc sorcerer
 15738 | D:11     | Killed an orc sorcerer
 15739 | D:11     | Reached skill level 7 in Dodging
 15739 | D:11     | Reached skill level 3 in Shields
 15739 | D:11     | Reached skill level 5 in Spellcasting
 15744 | D:11     | Killed an orc sorcerer
 15745 | D:11     | Reached skill level 4 in Shields
 15875 | D:11     | Noticed a two-headed ogre
 15906 | D:11     | Killed a two-headed ogre
 15918 | D:11     | Noticed a boulder beetle
 15939 | D:11     | Killed a boulder beetle
 15940 | D:11     | Reached skill level 11 in Air Magic
 16379 | D:12     | Noticed a cyclops
 16388 | D:12     | Killed a cyclops
 16389 | D:12     | Reached skill level 12 in Air Magic
 16389 | D:12     | Reached XP level 12. HP: 66/66 MP: 4/20
 16733 | D:12     | Reached skill level 13 in Air Magic
 17059 | D:12     | Found a staircase to the Orcish Mines.
 17062 | D:12     | Reached *** piety under Sif Muna
 17071 | D:12     | Reached skill level 14 in Air Magic
 17858 | D:12     | Noticed Rupert
 17877 | D:12     | Mangled by Rupert

Vanquished Creatures
  Snorg (D:11)
  Fannar (D:10)
  3 two-headed ogres
  2 boulder beetles
  An orc knight (D:11)
  A cyclops (D:12)
  A deep elf pyromancer (D:12)
  2 orc sorcerers (D:11)
  An unseen horror (D:11)
  A kobold demonologist (D:11)
  3 trolls
  A meliai (D:12)
  2 hornets (D:10)
  Sigmund (D:6)
  4 slime creatures
  A wyvern (D:9)
  A vampire (D:12)
  7 yaks (D:10)
  3 steam dragons
  6 vampire mosquitoes
  Edmund (D:6)
  3 water moccasins (D:6)
  An ice beast (D:5)
  Pargi (Sewer)
  2 sky beasts (D:6)
  A black bear (D:6)
  8 orc warriors
  5 ogres
  5 centaurs
  A phantom (D:3)
  5 kobold brigands (D:12)
  Blork the orc (D:4)
  3 gnoll sergeants (D:12)
  5 scorpions
  10 killer bees
  11 howler monkeys
  A crimson imp (D:10)
  4 hounds
  4 jellies
  A gnoll bouda (D:8)
  Crazy Yiuf (D:3)
  3 orc priests
  2 sleepcaps
  Ijyb (D:4)
  3 iguanas
  Natasha (thrice) (D:4)
  6 orc wizards
  11 gnolls
  3 adders
  2 white imps
  An ufetubus (D:5)
  4 worms
  4 dart slugs
  29 orcs
  5 ball pythons
  3 endoplasms
  4 giant cockroaches
  5 goblins
  5 hobgoblins
  4 jackals
  4 quokkas
  7 bats
  9 frilled lizards
  16 kobolds
  6 rats
257 creatures vanquished.

Table legend: (Time is in decaauts)
 A = Elapsed time spent in this place.
 B = Non-inter-level travel time spent in this place.
 C = Inter-level travel time spent in this place.
 D = Time resting spent in this place.
 E = Time spent auto-exploring this place.
 F = Levels seen in this place.
 G = Mean time per level.
                   A        B        C        D        E       F      G
               +--------+--------+--------+--------+--------+-----+--------+
         Total |  17132 |  16298 |    834 |   1799 |  10959 |  14 | 1223.7 |
       Dungeon |  16715 |  15913 |    802 |   1799 |  10729 |  12 | 1392.9 |
        Temple |    298 |    267 |     31 |      0 |    229 |   1 |  298.0 |
         Sewer |    119 |    119 |      0 |      0 |      0 |   1 |  119.0 |
               +--------+--------+--------+--------+--------+-----+--------+

Top non-repeatable levels by time:
     D:6: 1899 daAuts
     D:2: 1725 daAuts
    D:10: 1720 daAuts
    D:11: 1703 daAuts
     D:3: 1673 daAuts
     D:1: 1637 daAuts
     D:4: 1433 daAuts
     D:9: 1411 daAuts
    D:12: 1211 daAuts
     D:8: 993 daAuts
     D:7: 703 daAuts
     D:5: 604 daAuts
  Temple: 298 daAuts
   Sewer: 119 daAuts

Table legend:
 A = Non-vault XP
 B = Vault XP
 C = Vault XP percentage of total XP
 D = Non-vault monster count
 E = Vault monster count
 F = Vault count percentage of total count
                 A         B        C        D         E       F
            +---------+---------+-------+---------+---------+-------
      Total |   18814 |    5239 |  21.8 |     201 |      56 |  21.8
            +---------+---------+-------+---------+---------+-------
        D:1 |      33 |      11 |  25.0 |      18 |       8 |  30.8
        D:2 |     104 |      14 |  11.9 |      29 |       1 |   3.3
        D:3 |     219 |      41 |  15.8 |      15 |       1 |   6.2
        D:4 |     582 |     162 |  21.8 |      20 |       3 |  13.0
        D:5 |     259 |       0 |   0.0 |       4 |       0 |   0.0
        D:6 |    1480 |     419 |  22.1 |      25 |       4 |  13.8
        D:7 |     453 |       0 |   0.0 |       8 |       0 |   0.0
        D:8 |     588 |       0 |   0.0 |      20 |       0 |   0.0
        D:9 |    1940 |       0 |   0.0 |       9 |       0 |   0.0
       D:10 |    3586 |     947 |  20.9 |      18 |       3 |  14.3
       D:11 |    6563 |     953 |  12.7 |      19 |       1 |   5.0
       D:12 |    2965 |    2556 |  46.3 |      15 |      28 |  65.1
     Temple |      42 |       0 |   0.0 |       1 |       0 |   0.0
      Sewer |       0 |     136 | 100.0 |       0 |       7 | 100.0
            +---------+---------+-------+---------+---------+-------

Levels and vault maps discovered:
D:1:      ldierk_walled_garden_2, layout_basic, serial_shops, shop,
          hellmonk_ecumenical_altar_crossroads, lexackson_kobold_supper
D:2:      layout_basic, st_stairs_4
D:3:      layout_loops_ring, eino_tiny_chamber, uniq_crazy_yiuf_cottage
D:4:      layout_rooms, mainiacjoe_overflow_alcove_4,
          chequers_serial_rivers_room_b, minmay_misc_feat_chi,
          uniq_blork_the_orc, uniq_ijyb, uniq_natasha
D:5:      layout_rooms, minmay_temple_entry_slanted, eino_curves_04
D:6:      layout_loops_ring, enter_ossuary_3, cheibrodos_sewer_entry_bend,
          uniq_sigmund, uniq_edmund
D:7:      layout_cave_pools, minmay_misc_feat_four_crosses
D:8:      layout_loops_ring, gammafunk_ghost_smash, serial_shops,
          nicolae_shop_industrial_runoff, kennysheep_mini_moat
D:9:      layout_layer_cave, lair_entry_dummy
D:10:     layout_long_grid, nicolae_trove_entry_diagonal,
          minmay_fire_ice_demons, uniq_fannar
D:11:     layout_basic, serial_shops, kennysheep_mini, serial_rivers,
          chequers_serial_rivers_micro_d, chequers_serial_rivers_micro_d,
          chequers_serial_rivers_marsh, chequers_serial_rivers_room_a,
          uniq_snorg
D:12:     layout_loops_ring, kennysheep_orc_monster_closet_entryway, eino_jars,
          uniq_rupert
Temple:   mainiacjoe_temple_circle_huts
